 Dungeon Crawl Stone Soup version 0.19.1-1-g22dce08 (webtiles) character file.

9531 nikopol the Fighter (level 11, 0/106 HPs)
             Began as a Gargoyle Berserker on Jan 9, 2017.
             Was a High Priest of Trog.
             Slain by an ettin
             ... wielding a +0 dire flail
              (28 damage)
             ... on level 9 of the Dungeon on Jan 13, 2017.
             The game lasted 00:31:30 (9846 turns).

nikopol the Fighter (Gargoyle Berserker)            Turns: 9846, Time: 00:31:31

Health: 0/106      AC: 25    Str: 26    XL:     11   Next: 48%
Magic:  3/3        EV: 12    Int: 11    God:    Trog [*****.]
Gold:   638        SH:  0    Dex: 15    Spells: 0 memorised, 10 levels left

rFire  . . .     SeeInvis .     a - +4 war axe (antimagic)
rCold  + . .     Gourm    .     D - +2 chain mail {rC+}
rNeg   + . .     Faith    .     (no shield)
rPois  ∞         Spirit   .     P - +2 hat {Int+3}
rElec  +         Reflect  .     x - +0 cloak
rCorr  .         Harm     +     M - +0 pair of gloves
MR     +....                    (no boots)
Stlth  ..........               I - amulet "Huamo" {Harm *Drain Slay+3}
                                f - +3 ring of dexterity
                                E - ring of protection from magic

@: berserking, very quick
A: negative energy resistance 1, electricity resistance, unbreathing,
petrification resistance, rot immunity, AC +7
a: Berserk, Trog's Hand, Brothers in Arms, Burn Spellbooks, Renounce Religion


You were on level 9 of the Dungeon.
You worshipped Trog.
Trog was extremely pleased with you.
You were hungry.

You visited 1 branch of the dungeon, and saw 9 of its levels.

You collected 638 gold pieces.

Inventory:

Hand Weapons
 a - a +4 antimagic war axe (weapon)
 z - a +0 shortbow
Missiles
 l - 187 arrows (quivered)
Armour
 q - a +1 helmet
 x - a +0 cloak (worn)
 D - a +2 chain mail of cold resistance (worn)
 M - a +0 pair of gloves (worn)
 P - a +2 hat of intelligence (worn)
Jewellery
 f - a +3 ring of dexterity (right hand)
 p - a +1 ring of evasion
 w - an uncursed ring of protection from cold
 C - an uncursed ring of positive energy
 E - a ring of protection from magic (left hand)
 I - the amulet "Huamo" (around neck) {Harm *Drain Slay+3}
   (You found it on level 6 of the Dungeon)

   [amulet of harm]

   It increases damage dealt and taken.
   It affects your accuracy and damage with ranged weapons and melee attacks
   (+3).
   It causes draining when unequipped.
 L - a +3 ring of strength
 O - an uncursed ring of ice
 T - a cursed amulet of inaccuracy {unknown}
 V - an uncursed ring of magical power {unknown}
Wands
 K - a wand of polymorph (7/24)
 N - a wand of iceblast (6/15)
 R - a wand of lightning (2/15)
Scrolls
 b - a scroll of magic mapping {unknown}
 e - 6 scrolls of identify
 g - a scroll of random uselessness {unknown}
 h - a scroll of immolation {unknown}
 i - 10 scrolls of remove curse
 o - 3 scrolls of fog
 r - 2 scrolls of fear {unknown}
 v - 3 scrolls of enchant armour
 y - a scroll of enchant weapon {unknown}
 A - 3 scrolls of recharging {unknown}
 F - 6 scrolls of teleportation {unknown}
 G - a scroll of blinking {unknown}
 U - a scroll of brand weapon {unknown}
Potions
 d - 6 potions of curing
 j - 4 potions of ambrosia {unknown}
 n - a potion of berserk rage {unknown}
 t - a potion of cancellation {unknown}
 u - a potion of mutation {unknown}
 B - 2 potions of lignification {unknown}
 J - a potion of degeneration {unknown}
 Q - 2 potions of flight {unknown}
Comestibles
 c - 10 bread rations
 k - 5 meat rations
 m - 4 beef jerkies
 s - a fruit
 H - 8 slices of pizza
 S - 3 chunks of flesh


   Skills:
 + Level 9.0 Fighting
 * Level 8.8 Axes
 * Level 8.2 Bows
 + Level 8.4 Armour
 + Level 6.2 Dodging


You had 10 spell levels left.
You didn't know any spells.

Dungeon Overview and Level Annotations

Branches:
Dungeon (9/15)             Temple (0/1) D:7
   Lair: D:8-11         Orc: D:9-12

Altars:
Cheibriados
Dithmenos
Fedhas
Hepliaklqana
Okawaru
Ru
Sif Muna
Trog
Vehumet
Zin
The Shining One

Shops:
D:5 *   D:8 *


Innate Abilities, Weirdness & Mutations

You are resistant to torment.
Your stone body is resilient. (AC +7)
You are immune to poison.
You resist negative energy. (rN+)
You are resistant to electric shocks. (rElec)
You can survive without breathing.
You are immune to petrification.
You are immune to rotting.


Message History

You hit the yak. The yak gores you but does no damage.
An ettin comes into view. It is wielding two dire flails.
The ettin shouts in stereo!
You hit the yak but do no damage.
The yak is almost dead.
The yak gores you but does no damage.
You slash the yak!
You kill the yak!
Trog accepts your kill.
Your Fighting skill increases to level 9!
The ettin closely misses you. The ettin hits you with a dire flail!
* * * LOW HITPOINT WARNING * * *
You are too injured to fight recklessly!
A red film seems to cover your vision as you go berserk!
You feel yourself moving faster!
You feel mighty!
You are feeling hungry.
You slice the ettin!!
The ettin is heavily wounded.
The ettin hits you but does no damage. The ettin hits you with a dire flail!!
You die...

#.....##....##.[.#..
#.....['.........#..
#......#.........#..
#......#.........#..
#.....##....##...#..
#.....########...#..
#.....# #....#..
#..C..# #....#..
+..@..# #....#..
#.....# #....#..
#.....# ##...#..
#..†(.# ##...#..
+..$.((!. #....#..
#.......((. #....#..
#.......... #....#..
#.......... #....#..
#.....##... #....#..


You could see an ettin.

Vanquished Creatures
  Gastronok (D:8)
  Erica (D:8)
  An unseen horror (D:8)
  Maurice (D:8)
  Prince Ribbit (D:8)
  2 hippogriffs
  3 humans (D:7)
  5 yaks
  3 hogs (D:7)
  Grum (D:8)
  A black bear (D:7)
  4 sky beasts
  3 ice beasts (D:5)
  3 ogres
  5 phantoms
  3 wolves (D:8)
  5 centaurs
  A crocodile (D:8)
  4 bullfrogs
  2 scorpions
  A wyvern skeleton (D:9)
  A water moccasin skeleton (D:4)
  A howler monkey (D:6)
  7 wights (D:7)
  4 crimson imps
  3 orc priests (D:7)
  5 hounds
  2 jellies
  A bullfrog skeleton (D:5)
  A bullfrog zombie (D:9)
  4 orc wizards
  Crazy Yiuf (D:4)
  A centaur skeleton (D:8)
  Jessica (D:3)
  3 iguanas
  Natasha (twice) (D:4)
  9 worker ants
  2 hound skeletons
  A hound zombie (D:7)
  Robin (D:3)
  A worker ant zombie (D:8)
  3 gnolls (D:7)
  12 adders
  4 shadow imps
  A worm (D:3)
  2 dart slugs
  4 leopard geckos
  14 orcs
  A ball python (D:5)
  5 giant cockroaches
  23 goblins
  9 hobgoblins
  3 jackals (D:3)
  4 quokkas
  A ball python skeleton (D:4)
  4 bats
  7 frilled lizards
  A jackal zombie (D:7)
  7 kobolds
  2 leopard gecko skeletons
  5 rats
214 creatures vanquished.

Notes
Turn   | Place    | Note
-------+----------+-------------------------------------------
     0 | D:1      | nikopol the Gargoyle Berserker began the quest for the Orb.
     0 | D:1      | Reached XP level 1. HP: 14/14 MP: 1/1
   107 | D:1      | Reached XP level 2. HP: 18/19 MP: 2/2
   719 | D:1      | Reached XP level 3. HP: 20/24 MP: 3/3
   997 | D:2      | Found a snail-covered altar of Cheibriados.
  1218 | D:2      | Reached ** piety under Trog
  1769 | D:3      | Reached XP level 4. HP: 16/29 MP: 4/4
  1913 | D:3      | Noticed Robin
  1941 | D:3      | Killed Robin
  1941 | D:3      | Reached skill level 4 in Fighting
  2274 | D:3      | Reached *** piety under Trog
  2292 | D:3      | Found a hazy altar of Hepliaklqana.
  2638 | D:3      | Reached XP level 5. HP: 21/33 MP: 5/5
  2704 | D:3      | Found a deep blue altar of Sif Muna.
  2704 | D:3      | Found a shadowy altar of Dithmenos.
  2704 | D:3      | Noticed Jessica
  2707 | D:3      | Killed Jessica
  2711 | D:3      | Found a glowing golden altar of the Shining One.
  2713 | D:3      | Found a faded altar of an unknown god.
  2715 | D:3      | Found a radiant altar of Vehumet.
  2813 | D:4      | Noticed a phantom
  2940 | D:4      | Reached XP level 6. HP: 18/39 MP: 6/6
  3253 | D:4      | Noticed Natasha
  3275 | D:4      | Killed Natasha
  3357 | D:4      | Killed a phantom
  3357 | D:4      | Reached skill level 5 in Fighting
  3470 | D:4      | Noticed a phantom
  3525 | D:4      | Killed a phantom
  3525 | D:4      | Reached XP level 7. HP: 36/44 MP: 7/7
  3539 | D:4      | Noticed Natasha
  3550 | D:4      | Killed Natasha
  3675 | D:4      | Found a runed door.
  3679 | D:4      | Noticed Crazy Yiuf
  3685 | D:4      | Killed Crazy Yiuf
  3721 | D:5      | Entered Level 5 of the Dungeon
  3967 | D:5      | Reached skill level 5 in Armour
  4161 | D:5      | Reached skill level 1 in Bows
  4313 | D:5      | Found a glowing silver altar of Zin.
  4317 | D:5      | Found Zin's Purification Station.
  4361 | D:5      | Reached XP level 8. HP: 49/51 MP: 8/8
  4526 | D:5      | Reached skill level 6 in Fighting
  4536 | D:5      | Reached skill level 5 in Axes
  4867 | D:5      | Reached **** piety under Trog
  5527 | D:6      | Reached XP level 9. HP: 56/56 MP: 9/9
  5528 | D:6      | Found a sacrificial altar of Ru.
  5628 | D:6      | Got a scintillating copper amulet
  5928 | D:6      | Found a glowing golden altar of the Shining One.
  6052 | D:7      | Identified the amulet "Huamo" {Harm *Drain Slay+3} (You found it on level 6 of the Dungeon)
  6522 | D:7      | Reached skill level 7 in Fighting
  6667 | D:7      | Found an iron altar of Okawaru.
  6689 | D:7      | Reached skill level 5 in Bows
  6703 | D:7      | Reached skill level 5 in Dodging
  6797 | D:7      | Received a gift from Trog
  6937 | D:7      | Found a staircase to the Ecumenical Temple.
  6993 | D:7      | Found a bloodstained altar of Trog.
  7115 | D:7      | Reached XP level 10. HP: 60/63 MP: 10/10
  7241 | D:7      | Reached ***** piety under Trog
  7483 | D:8      | Noticed Grum
  7503 | D:8      | Killed Grum
  7678 | D:8      | Noticed Maurice
  7743 | D:8      | Killed Maurice
  7743 | D:8      | Reached skill level 8 in Fighting
  7860 | D:8      | Noticed Prince Ribbit
  7868 | D:8      | Killed Prince Ribbit
  8102 | D:8      | Noticed Erica
  8109 | D:8      | Killed Erica
  8161 | D:8      | HP: 3/64 [something (2)]
  8162 | D:8      | HP: 1/64 [something (2)]
  8496 | D:8      | Killed an unseen horror
  8496 | D:8      | Reached XP level 11. HP: 59/69 MP: 11/11
  8705 | D:8      | Noticed Gastronok
  8739 | D:8      | Killed Gastronok
  9045 | D:8      | Found Onouhaq's Demolitions Depot.
  9396 | D:9      | Found a blossoming altar of Fedhas.
  9584 | D:9      | Received a gift from Trog
  9841 | D:9      | Noticed an ettin
  9842 | D:9      | Reached skill level 9 in Fighting
  9846 | D:9      | Slain by an ettin

Skill      XL: |  1  2  3  4  5  6  7  8  9 10 11 |
---------------+----------------------------------+-----
Axes           | 3 4 5 7 8 |  8.8
Armour         | 3 4 5 6 7 8 |  8.4
Dodging        | 2 3 4 5 6 |  6.2
Fighting       | 4 5 6 7 8 9 |  9.0
Bows           | 1 4 5 7 8 |  8.2

Action                   |  1- 3 |  4- 6 |  7- 9 | 10-12 || total
-------------------------+-------+-------+-------+-------++-------
Melee: Hand axe          |   150 |   272 |   374 |   161 ||   957
       War axe           |       |       |       |    17 ||    17
 Fire: Shortbow          |       |       |   168 |   139 ||   307
Invok: Berserk           |       |     2 |     4 |     3 ||     9
       Burn Spellbooks   |       |       |     2 |     1 ||     3
  Use: Scroll            |       |     5 |     4 |       ||     9
       Potion            |       |       |       |     1 ||     1
  Eat: Chunk             |     3 |     7 |    16 |    10 ||    36
       Fruit             |       |       |       |     3 ||     3
Armor: Ring mail         |    66 |   101 |       |       ||   167
       Animal skin       |     3 |       |       |       ||     3
       Chain mail        |       |    64 |   233 |   165 ||   462
Dodge: Dodged            |    80 |   147 |   208 |    72 ||   507
